 Dungeon Crawl Stone Soup version 0.21.0-24-g2553a33 (webtiles) character file.

1978 dobroeutro the Basher (level 9, -4/52 HPs)
             Began as a Gargoyle Fighter on Jan 20, 2018.
             Was a Priest of Okawaru.
             Killed by divine providence
             ... invoked by an orc priest
              (12 damage)
             ... on level 7 of the Dungeon.
             The game lasted 00:09:02 (5895 turns).

dobroeutro the Basher (Gargoyle Fighter)            Turns: 5895, Time: 00:09:03

Health: -4/52      AC: 18    Str: 23    XL:     9   Next: 20%
Magic:  9/9        EV:  8    Int:  9    God:    Okawaru [***...]
Gold:   404        SH:  9    Dex:  9    Spells: 8/8 levels left

rFire    . . .     SeeInvis .   j - +1 whip (elec)
rCold    . . .     Gourm    .   c - +0 shield
rNeg     + . .     Faith    .   b - +0 scale mail
rPois    ∞         Spirit   .   p - +0 helmet
rElec    +         Reflect  .   v - +2 cloak {+Inv}
rCorr    .         Harm     .   (no gloves)
MR       .....                  (no boots)
Stlth    ..........             (no amulet)
HPRegen  0.17/turn              (no ring)
MPRegen  0.11/turn              (no ring)

@: no status effects
A: negative energy resistance 1, electricity resistance, unbreathing,
petrification resistance, rot immunity, AC +6
a: Heroism, Renounce Religion, Evoke Invisibility


You were on level 7 of the Dungeon.
You worshipped Okawaru.
Okawaru was most pleased with you.
You were not hungry.

You visited 2 branches of the dungeon, and saw 8 of its levels.
You also visited: Sewer.

You collected 404 gold pieces.

Inventory:

Hand Weapons
 a - a +0 flail
 j - a +1 whip of electrocution (weapon)
Armour
 b - a +0 scale mail (worn)
 c - a +0 shield (worn)
 p - a +0 helmet (worn)
 v - a +2 cloak of invisibility (worn)
Wands
 o - a wand of paralysis (14)
Scrolls
 e - 4 scrolls of remove curse
 g - 7 scrolls of identify
 t - 2 scrolls of teleportation
Potions
 d - 6 potions of might
 h - 2 potions of flight
 i - 2 potions of heal wounds {unknown}
 k - a potion of cancellation {unknown}
 m - 2 potions of lignification
 n - 5 potions of brilliance {unknown}
 r - 2 potions of berserk rage
 s - 3 potions of curing
 u - a potion of mutation {unknown}
Comestibles
 f - 9 rations
 l - 3 chunks of flesh


   Skills:
 + Level 4.5 Fighting
 + Level 10.3 Maces & Flails
 + Level 4.5 Armour
 + Level 2.1 Dodging
 + Level 4.5 Shields


You had 8 spell levels left.
You didn't know any spells.

Dungeon Overview and Level Annotations

Branches:
Dungeon (7/15)             Temple (1/1) D:4

Altars:
Elyvilon
Fedhas
Gozag
Kikubaaqudgha
Makhleb
Okawaru
Qazlal
Ru
Trog
Vehumet
Zin


Innate Abilities, Weirdness & Mutations

You are resistant to torment.
Your stone body is resilient. (AC +6)
You are immune to poison.
You resist negative energy. (rN+)
You are resistant to electric shocks. (rElec)
You can survive without breathing.
You are immune to petrification.
You are immune to rotting.


Message History

You are too injured to fight recklessly!
You are too injured to fight recklessly!
Unknown command.
You hit the orc priest.
The orc priest is moderately wounded.
The orc priest begins to cast a cantrip, but forgets the words!
You block the orc priest's attack.
Your shield prevents you from hitting the orc priest.
The orc priest is moderately wounded.
You barely miss the orc priest.
The orc priest is moderately wounded.
The orc priest invokes the aid of Beogh against you.
Beogh smites you!
* * * LOW HITPOINT WARNING * * *
The orc priest hits you but does no damage.
You hit the orc priest.
The orc priest is moderately wounded.
The orc priest invokes the aid of Beogh against you.
Beogh smites you!
You die...

#.# #.#. #.#
#.#< #.#
#########.##
#.#
#...........
#.#
#.#######.##
#.# #.# #.#
#.#########
#.# #.#
#.........#
#.# #.#
#########@#
#.# #.# #o#
#.# #.# #o#
#.# #.# #o#
#.# #.# #o#
#.# #.# #.#
#.# #.# #.#
#.#######.#
..#
#.........#
#.#######.#


You could see 2 orc priests and 2 orcs.

Vanquished Creatures
  The ghost of Feta the Firebug, a novice DgFE (D:5)
  Eustachio (D:5)
  Menkaure (D:6)
  A black bear (D:6)
  A phantom (D:6)
  2 sky beasts
  A centaur (D:6)
  Blork the orc (D:5)
  A scorpion (D:5)
  4 wights (D:6)
  A howler monkey (D:5)
  A crimson imp (D:7)
  A quasit (D:5)
  A bullfrog zombie (D:5)
  A hound (D:5)
  An orc priest (D:5)
  An orc wizard (D:5)
  2 bullfrog skeletons (D:6)
  Crazy Yiuf (D:5)
  2 iguanas (D:6)
  A worker ant (D:7)
  3 hound zombies
  A hound skeleton (D:5)
  A worker ant zombie (D:6)
  Robin (D:3)
  9 adders
  4 gnolls (D:6)
  An ooze (D:6)
  An adder zombie (D:6)
  3 worms
  5 dart slugs
  2 leopard geckos
  5 orcs
  5 ball pythons
  4 bats
  4 giant cockroaches
  13 goblins
  12 hobgoblins
  17 jackals
  A quokka (D:3)
  11 frilled lizards
  15 kobolds
  A leopard gecko skeleton (D:6)
  A quokka skeleton (D:4)
  8 rats
  8 plants (Sewer)
163 creatures vanquished.

Notes
Turn   | Place    | Note
-------+----------+-------------------------------------------
     0 | D:1      | dobroeutro the Gargoyle Fighter began the quest for the Orb.
     0 | D:1      | Reached XP level 1. HP: 14/14 MP: 1/1
    62 | D:1      | Reached XP level 2. HP: 9/19 MP: 2/2
   341 | D:1      | Reached skill level 3 in Maces & Flails
   703 | D:1      | Reached XP level 3. HP: 23/23 MP: 3/3
  1251 | D:2      | Reached skill level 4 in Maces & Flails
  1387 | D:2      | Reached XP level 4. HP: 24/28 MP: 4/4
  1996 | D:3      | Noticed Robin
  2038 | D:3      | Killed Robin
  2038 | D:3      | Reached skill level 5 in Maces & Flails
  2043 | D:3      | Reached XP level 5. HP: 19/32 MP: 5/5
  2192 | D:3      | You fall through a shaft!
  3183 | D:4      | Found a staircase to the Ecumenical Temple.
  3192 | Temple   | Entered the Ecumenical Temple
  3227 | Temple   | Became a worshipper of Warmaster Okawaru
  3286 | D:5      | Entered Level 5 of the Dungeon
  3306 | D:5      | Reached skill level 6 in Maces & Flails
  3308 | D:5      | Reached XP level 6. HP: 37/37 MP: 6/6
  3343 | D:5      | Noticed Feta's ghost (novice DgFE)
  3344 | D:5      | Noticed a sky beast
  3367 | D:5      | Killed Feta's ghost
  3367 | D:5      | Reached * piety under Okawaru
  3367 | D:5      | Reached skill level 7 in Maces & Flails
  3367 | D:5      | Reached XP level 7. HP: 19/41 MP: 7/7
  3383 | D:5      | Reached skill level 8 in Maces & Flails
  3876 | D:5      | Noticed Blork the orc
  3889 | D:5      | Killed Blork the orc
  3941 | D:5      | Noticed Eustachio
  3954 | D:5      | Killed Eustachio
  3954 | D:5      | Reached skill level 9 in Maces & Flails
  3954 | D:5      | Reached XP level 8. HP: 42/46 MP: 8/8
  4066 | D:5      | Reached ** piety under Okawaru
  4119 | D:5      | Found a runed door.
  4123 | D:5      | Noticed Crazy Yiuf
  4129 | D:5      | Killed Crazy Yiuf
  4312 | D:6      | Reached skill level 10 in Maces & Flails
  4399 | D:6      | Reached skill level 1 in Dodging
  4590 | D:6      | Reached XP level 9. HP: 52/52 MP: 9/9
  4690 | D:6      | Noticed Menkaure
  4695 | D:6      | Killed Menkaure
  4695 | D:6      | Reached *** piety under Okawaru
  4710 | D:6      | Found a glowing drain.
  4732 | Sewer    | Entered a sewer
  5895 | D:7      | Killed from afar by an orc priest

Skill      XL: |  1  2  3  4  5  6  7  8  9 |
---------------+----------------------------+-----
Maces & Flails | 3 4 5 6 7 9 10 | 10.3
Dodging        | 1 2 |  2.1
Fighting       | 4 |  4.5
Armour         | 4 |  4.5
Shields        | 4 |  4.5

Action                   |  1- 3 |  4- 6 |  7- 9 || total
-------------------------+-------+-------+-------++-------
Melee: Flail             |    56 |       |       ||    56
       Whip              |    74 |   192 |   412 ||   678
  Use: Potion            |       |     3 |       ||     3
       Scroll            |       |       |     8 ||     8
  Eat: Chunk             |     2 |     6 |     9 ||    17
Armor: Scale mail        |    71 |    80 |   123 ||   274
       Skin              |       |     6 |     9 ||    15
Dodge: Dodged            |    39 |    49 |    61 ||   149
Block: Shield            |    59 |    84 |   116 ||   259
